 Dungeon Crawl Stone Soup version 0.18-a0-809-g212a022 (webtiles) character file.

204389 Arkorax the Warrior (level 18, -2/189 HPs)
             Began as a Naga Fighter on Dec 15, 2015.
             Was an Initiate of Ashenzari.
             Slain by an air elemental (6 damage)
             ... created by the adversity of Qazlal
             ... on level 1 of the Vaults.
             The game lasted 01:27:41 (43051 turns).

Arkorax the Warrior (Naga Fighter)                 Turns: 43051, Time: 01:27:41

Health: -2/189     AC: 30    Str: 31    XL:     18   Next: 64%
Magic:  19/19      EV:  6    Int: 10    God:    Ashenzari [......]
Gold:   886        SH: 12    Dex: 12    Spells: 3 memorised, 5 levels left

rFire  + + .     SeeInvis +     X - +7 demon trident of Unpleasantness {venom, rElec MP-9 Str+4} (curse)
rCold  + . .     Clarity  .     w - +3 plate armour {rC+}
rNeg   + . .     SustAt   .     c - +0 shield
rPois  +         Gourm    .     U - +2 hat (curse)
rElec  .         Spirit   .     R - +1 cloak {+Inv}
rCorr  .         Dismiss  .     P - +0 pair of gloves of Light {rPois rF++ Str+3 SInv} (curse)
rMut   .         Stasis   .     (no barding)
MR     +++..                    Z - macabre finger necklace {rN+} (curse)
Stlth  ..........               b - +5 ring of protection (curse)
                                g - ring of Patience {MR+ AC+2}
                                (no ring)

@: very slightly contaminated, hasted, quick, extremely resistant to hostile
enchantments, extremely unstealthy
A: see invisible, deformed body, poison resistance, slowness 2, slow metabolism
1, spit poison 2, electricity vulnerability, constrict 1, AC +6
a: Spit Poison, Renounce Religion, Evoke Invisibility
}: 1/15 runes: decaying


You were on level 1 of the Vaults.
You worshipped Ashenzari.
Ashenzari was noncommittal.
You were not hungry.

You visited 7 branches of the dungeon, and saw 33 of its levels.
You also visited: Labyrinth and Trove.

You collected 2473 gold pieces.
You spent 1587 gold pieces at shops.

Inventory:

Hand Weapons
 X - the cursed +7 demon trident of Unpleasantness (weapon) {venom, rElec MP-9 Str+4}
   (You acquired it on level 2 of the Elven Halls)

   It poisons the flesh of those it strikes.
   It affects your strength (+4).
   It insulates you from electricity.
   It affects your magic capacity (-9).
   It has a curse placed upon it.
Armour
 c - a +0 shield (worn)
 m - a +0 large shield
 w - a +3 plate armour of cold resistance (worn)
 N - a +0 fire dragon armour
 P - the cursed +0 pair of gloves of Light (worn) {rPois rF++ Str+3 SInv}
   (You found it on level 10 of the Dungeon)

   It affects your strength (+3).
   It greatly protects you from fire.
   It protects you from poison.
   It lets you see invisible.
   It has a curse placed upon it.
 R - a +1 cloak of invisibility (worn)
 U - a cursed +2 hat (worn)
Jewellery
 b - a cursed +5 ring of protection (right hand)
 f - an uncursed amulet of guardian spirit
 g - the ring of Patience (left hand) {MR+ AC+2}
   (You found it in a treasure trove)

   [ring of protection]

   It affects your AC (+2).
   It affects your resistance to hostile enchantments.
 Z - the cursed macabre finger necklace (around neck) {rN+}
   (You found it in a treasure trove)

   [amulet of nothing]

   It protects you from negative energy.
   It has a curse placed upon it.
Wands
 a - a wand of heal wounds (6)
 h - a wand of draining (1)
 z - a wand of disintegration (5)
 G - a wand of draining (10)
 K - a wand of digging (5)
 L - a wand of teleportation (4)
 Q - a wand of digging (15)
 T - a wand of teleportation (4)
Scrolls
 i - a scroll of remove curse
 k - 2 scrolls of fog
 l - 11 scrolls of recharging
 r - 6 scrolls of enchant armour
 t - 10 scrolls of teleportation
 y - 6 scrolls of curse armour
 B - 6 scrolls of enchant weapon
 E - 3 scrolls of fear
 F - a scroll of curse jewellery
 W - a scroll of identify
Potions
 d - 2 potions of flight
 e - 3 potions of agility
 j - 5 potions of lignification
 n - a potion of invisibility
 s - a potion of magic
 A - 8 potions of curing
 D - a potion of ambrosia
 I - 4 potions of haste
 J - 3 potions of brilliance
 S - 2 potions of cancellation
 V - 6 potions of might
 Y - a potion of cure mutation
Miscellaneous
 M - a fan of gales
Comestibles
 o - 2 fruits
 p - 5 meat rations
 u - 12 royal jellies
 x - 14 beef jerkies
 C - 3 bread rations
 O - 4 slices of pizza


   Skills:
 + Level 18.3 Fighting
 - Level 16.6 Polearms
 + Level 8.2 Armour
 - Level 9.0 Shields
 - Level 9.9 Unarmed Combat
   Level 14.5 Invocations


You had 5 spell levels left.
You knew the following spells:

 Your Spells              Type           Power        Failure   Level  Hunger
a - Regeneration          Chrm/Necr      #.........   100%        3    ####...
b - Spectral Weapon       Hex/Chrm       #.......     100%        3    ####...
c - Haste                 Chrm           #.......     100%        6    #######


Dungeon Overview and Level Annotations

Branches:
Dungeon (15/15)            Temple (1/1) D:5            Lair (8/8) D:11
  Swamp (4/4) Lair:4       Spider (0/4) Lair:3        Slime (0/6) Lair:6
    Orc (2/2) D:10            Elf (2/3) Orc:2        Vaults (1/5) D:14
 Depths (0/5) D:15

Altars:
Ashenzari
Cheibriados
Dithmenos
Elyvilon
Fedhas
Gozag
Kikubaaqudgha
Makhleb
Nemelex Xobeh
Okawaru
Pakellas
Qazlal
Ru
Sif Muna
Trog
Vehumet
Xom
Yredelemnul
Zin
The Shining One

Shops:
D:4 [   D:5 (   D:9 =   D:13 (   Orc:2 [([!   Elf:2 !*[!

Annotations:
D:15 exclusion: obsidian statue
Elf:1 exclusion: Roxanne, Roxanne
Elf:2 3 runed doors


Innate Abilities, Weirdness & Mutations

You cannot wear boots.
Your serpentine skin is tough (AC +6).
You have supernaturally acute eyesight.
Armour fits poorly on your strangely shaped body.
Your system is resistant to poisons.
You cover ground very slowly.
You have a slow metabolism.
You can spit poison.
You can use your snake-like lower body to constrict enemies.
[You are vulnerable to electric shocks.]


Message History

The air elemental hits you but does no damage. x2
The air elemental barely misses you.
The air elemental completely misses you.
You block the air elemental's attack.
The air elemental hits you but does no damage.
You block the air elemental's attack. The air elemental barely misses you.
The air elemental hits you but does no damage. x2
You block the air elemental's attack.
The air elemental hits you but does no damage. x2
The air elemental hits you.
* * * LOW HITPOINT WARNING * * *
The air elemental hits you!
* * * LOW HITPOINT WARNING * * *
You block the air elemental's attack.
The air elemental hits you but does no damage.
You block the air elemental's attack.
The air elemental hits you but does no damage. x3
The air elemental hits you but does no damage.
The air elemental hits you.
You die...

#################################
.................................
.................E...............
................@E....J..........
####......#########'#############
#......# #........# # #......#
#........# ####......# #........#
##.#.)....# #........#
#.)))[....# #........#
..##......# #........#
.###......# #........#


You could see a slime creature and 2 air elementals.

Vanquished Creatures
  Norris (Elf:2)
  A tentacled monstrosity (Swamp:3)
  Frances (Swamp:2)
  4 thorn hunters
  A fire giant (D:15)
  Louise (Swamp:2)
  A deep elf elementalist (Elf:1)
  A deep elf annihilator (Elf:1)
  2 deep elf death magi
  A minotaur (Lab)
  A deep elf high priest (Elf:1)
  2 ogre magi (Orc:2)
  An ice dragon (Swamp:4)
  4 ghost crabs
  A centaur warrior (D:14)
  Erolcha (D:11)
  The ghost of Yendor the Cleaver, a novice MiBe of Trog (D:9)
  9 dancing weapons
  22 hydras
  19 death yaks
  10 alligators
  2 tengu warriors (D:14)
  2 orc high priests (Orc:2)
  6 deep elf knights
  7 deep elf archers
  9 hill giants
  10 swamp dragons
  3 shambling mangroves
  9 wizards (D:14)
  5 orc knights
  29 deep elf magi
  2 oklob plants (D:11)
  2 orc sorcerers (Orc:1)
  2 griffons (D:15)
  8 ugly things
  32 elephants
  5 black mambas
  2 centaur zombies
  A manticore (D:15)
  21 spiny frogs
  Psyche (D:11)
  6 komodo dragons
  3 kobold demonologists (D:15)
  2 centaur skeletons
  3 gargoyles
  6 fire drakes
  4 tengu conjurers
  8 trolls
  4 spriggan druids
  4 two-headed ogres
  4 giant leeches (Swamp:3)
  Prince Ribbit (D:5)
  6 polar bears (Lair:8)
  22 slime creatures
  2 trapdoor spider zombies
  2 boulder beetles
  Grinder (D:5)
  12 bog bodies
  27 blink frogs
  17 spriggans
  2 water elementals (Elf:1)
  8 redbacks (Lair:8)
  A tarantella (shapeshifter) (D:15)
  A trapdoor spider (D:15)
  5 air elementals
  A vampire (D:14)
  5 hogs (Elf:1)
  29 yaks
  2 wraiths
  6 fire elementals
  A hungry ghost (D:9)
  2 basilisks
  4 shadows
  7 hippogriffs
  2 wargs (Orc:2)
  The ghost of bezhaha the Sneak, an amateur OpCK of Xom (D:4)
  21 vampire mosquitoes
  32 wolves
  Menkaure (D:5)
  12 porcupines
  5 insubstantial wisps (Swamp:4)
  49 orc warriors
  26 swamp worms
  8 sky beasts
  13 swamp drakes
  22 water moccasins
  24 wasps
  10 ogres
  2 eyes of draining
  5 black bears
  5 ice beasts
  4 phantoms
  2 necrophages
  The ghost of Arkorax the Slasher, an amateur HEGl (D:3)
  20 crocodiles
  6 big kobolds
  30 centaurs
  22 giant frogs
  A wyvern skeleton (D:7)
  A scorpion (D:4)
  2 water moccasin skeletons
  16 killer bees
  3 wights (D:6)
  An electric eel (D:6)
  13 crimson imps
  5 giant frog zombies
  A gnoll shaman (D:4)
  6 hounds
  20 jellies
  17 orc priests
  A quasit (D:13)
  A wasp zombie (D:10)
  24 orc wizards
  Ijyb (D:3)
  Terence (D:2)
  A giant frog skeleton (D:5)
  2 hell rats (Lair:3)
  7 iguanas
  11 worker ants
  24 sheep
  A hound skeleton (D:4)
  A hound zombie (D:8)
  2 worker ant zombies
  22 gnolls
  52 river rats
  3 shadow imps
  6 adders
  An adder zombie (D:5)
  An ooze (D:4)
  An adder skeleton (D:7)
  5 worms
  116 orcs
  15 bats
  4 hobgoblins
  5 quokkas
  2 ball pythons (D:6)
  3 giant cockroaches
  8 giant geckos
  A giant gecko zombie (D:9)
  4 giant newts
  9 goblins
  24 jackals
  26 kobolds
  A quokka skeleton (D:7)
  5 rats
  12 briar patches
  2 bushes
  A butterfly (Lair:3)
  43 fungi
  48 plants
1357 creatures vanquished.

Vanquished Creatures (others)
  Kirke (Elf:1)
  An orc wizard (Orc:2)
  An orc (Orc:2)
  A kobold (D:13)
  2 briar patches (Swamp:2)
  A bush (Lair:8)
  65 fungi
  29 plants
  5 toadstools (Swamp:3)
106 creatures vanquished.

Grand Total: 1463 creatures vanquished

Notes
Turn   | Place    | Note
--------------------------------------------------------------
     0 | D:1      | Arkorax the Naga Fighter began the quest for the Orb.
     0 | D:1      | Reached XP level 1. HP: 21/21 MP: 1/1
   130 | D:1      | Reached XP level 2. HP: 20/28 MP: 2/2
   425 | D:1      | Reached XP level 3. HP: 30/34 MP: 3/3
  1320 | D:2      | Noticed Terence
  1331 | D:2      | Killed Terence
  1331 | D:2      | Reached skill level 4 in Fighting
  1331 | D:2      | Reached XP level 4. HP: 36/44 MP: 4/4
  1484 | D:3      | Noticed Arkorax's ghost (amateur HEGl)
  1495 | D:3      | Killed Arkorax's ghost
  1495 | D:3      | Reached XP level 5. HP: 27/51 MP: 5/5
  1736 | D:3      | Found a blossoming altar of Fedhas.
  1749 | D:3      | Noticed an angel
  1750 | D:3      | Noticed Ijyb
  1751 | D:3      | Found a shimmering altar of Xom.
  1765 | D:3      | Killed Ijyb
  1765 | D:3      | Reached XP level 6. HP: 52/60 MP: 6/6
  1781 | D:3      | Found a glowing silver altar of Zin.
  1872 | D:3      | Reached skill level 5 in Fighting
  2047 | D:3      | Found an ancient bone altar of Kikubaaqudgha.
  2432 | D:4      | Found Deit's Armour Shoppe.
  2432 | D:4      | Noticed bezhaha's ghost (amateur OpCK)
  2603 | D:4      | Killed bezhaha's ghost
  2603 | D:4      | Reached XP level 7. HP: 30/67 MP: 7/7
  2882 | D:4      | Reached skill level 5 in Polearms
  3222 | D:4      | Reached skill level 6 in Fighting
  4120 | D:4      | Reached XP level 8. HP: 76/76 MP: 8/8
  4384 | D:5      | Entered Level 5 of the Dungeon
  4384 | D:5      | Noticed Menkaure
  4392 | D:5      | Killed Menkaure
  4760 | D:5      | Found Laasazor's Antique Weapon Boutique.
  4796 | D:5      | Bought a faintly glowing spear for 176 gold pieces
  4796 | D:5      | Identified the +6 spear "Spider's Curse" {antimagic, rPois MP+9} (You bought it in a shop on level 5 of the Dungeon)
  4858 | D:5      | You fall through a shaft for 3 floors!
  5018 | D:8      | Reached skill level 7 in Fighting
  5697 | D:8      | Found a shadowy altar of Dithmenos.
  5796 | D:9      | Noticed Yendor's ghost (novice MiBe)
  5814 | D:8      | Reached XP level 9. HP: 5/86 MP: 9/9
  5816 | D:8      | HP: 3/86 [gnoll/halberd (3)]
  5817 | D:8      | HP: 1/86 [gnoll/halberd (2)]
  6012 | D:8      | Reached skill level 5 in Shields
  6702 | D:5      | Reached skill level 8 in Fighting
  6777 | D:5      | Found a staircase to the Ecumenical Temple.
  6912 | D:5      | Noticed Grinder
  6927 | D:5      | Paralysed by Grinder for 3 turns
  6946 | D:5      | Killed Grinder
  7285 | D:5      | Noticed Prince Ribbit
  7296 | D:5      | Killed Prince Ribbit
  7828 | D:6      | Reached skill level 9 in Fighting
  8378 | D:6      | Reached XP level 10. HP: 55/99 MP: 6/10
  8569 | D:6      | Found a burning altar of Makhleb.
  8569 | D:6      | Found an iron altar of Okawaru.
  9450 | D:7      | Got an encrusted leather armour
  9462 | D:7      | Identified the +5 leather armour of Xoanaca {rPois rC+ MR+ Str+3} (You found it on level 7 of the Dungeon)
  9933 | D:8      | Reached skill level 10 in Fighting
 10379 | D:9      | Killed Yendor's ghost
 10379 | D:9      | Reached skill level 10 in Polearms
 10696 | D:9      | Found Ryorr's Jewellery Emporium.
 11260 | Temple   | Entered the Ecumenical Temple
 11276 | Temple   | Became a worshipper of Qazlal Stormbringer
 11460 | D:10     | Entered Level 10 of the Dungeon
 11571 | D:10     | Reached XP level 11. HP: 104/109 MP: 6/11
 11596 | D:10     | Reached skill level 11 in Fighting
 11732 | D:10     | Found a portal to a secret trove of treasure.
 12113 | D:10     | Reached * piety under Qazlal
 12153 | D:10     | Found a staircase to the Orcish Mines.
 12373 | D:10     | Noticed a hill giant
 12380 | D:10     | Killed a hill giant
 12522 | D:10     | Got a pair of smoking gloves
 12528 | D:10     | Identified the +0 pair of gloves of Light {rPois rF++ Str+3 SInv} (You found it on level 10 of the Dungeon)
 12786 | D:11     | Noticed a hill giant
 12802 | D:10     | Killed a hill giant
 13021 | D:11     | Noticed a hill giant
 13038 | D:11     | Killed a hill giant
 13067 | D:11     | Noticed Erolcha
 13092 | D:11     | Killed Erolcha
 13425 | D:11     | Reached skill level 12 in Fighting
 13549 | D:11     | Reached ** piety under Qazlal
 13552 | D:11     | Noticed Psyche
 13562 | D:11     | Killed Psyche
 13779 | D:11     | Found a staircase to the Lair.
 13943 | D:11     | Reached XP level 12. HP: 108/122 MP: 7/12
 15690 | Lair:1   | Entered Level 1 of the Lair of Beasts
 16591 | Lair:2   | Reached skill level 13 in Fighting
 16851 | D:10     | You paid a toll of a wand of hasting (8) to enter a treasure trove
 16852 | Trove    | Entered a treasure trove
 16864 | Trove    | Got a crude brass ring
 16876 | Trove    | Identified the cursed ring "Yzaiklim" {rElec Str+3 Dex-3 Stlth+} (You found it in a treasure trove)
 16891 | Trove    | Got a heavily runed platinum ring
 16892 | Trove    | Identified the ring of Patience {MR+ AC+2} (You found it in a treasure trove)
 16902 | Trove    | Got a sparkling diamond amulet
 16903 | Trove    | Identified the amulet "Dickyhug" {Spirit rC+ Dex+5} (You found it in a treasure trove)
 16995 | Lair:2   | Found a shimmering altar of Xom.
 17430 | Lair:3   | Found a hole to the Spider Nest.
 17769 | Lair:3   | Reached *** piety under Qazlal
 17913 | Lair:3   | Identified the Compendium of Blows and Bruises
 18472 | Lair:4   | Found a staircase to the Swamp.
 18713 | Lair:4   | Gained mutation: You can use your snake-like lower body to constrict enemies. [Naga growth]
 18713 | Lair:4   | Reached XP level 13. HP: 126/133 MP: 7/13
 19536 | Lair:5   | Reached **** piety under Qazlal
 19557 | Lair:5   | Reached skill level 14 in Fighting
 21046 | Lair:6   | Reached skill level 1 in Invocations
 21596 | Lair:6   | Found a staircase to the Slime Pits.
 22050 | Lair:6   | Reached XP level 14. HP: 113/145 MP: 8/16
 22262 | Lair:7   | Reached skill level 15 in Fighting
 22880 | Lair:7   | Reached skill level 5 in Invocations
 23037 | Lair:8   | Entered Level 8 of the Lair of Beasts
 23403 | Lair:6   | Reached ***** piety under Qazlal
 23537 | Lair:7   | Reached skill level 15 in Polearms
 26467 | D:13     | Found Noyh's Antique Weapon Shop.
 26653 | D:13     | Found an opulent altar of Gozag.
 26829 | D:14     | Reached XP level 15. HP: 156/156 MP: 10/21
 26877 | D:14     | Reached skill level 16 in Fighting
 27049 | D:14     | Found a gate to the Vaults.
 27120 | D:14     | Got a jewelled scale mail
 27131 | D:14     | Identified the +4 scale mail of Noon {rElec Str+2 SInv} (You found it on level 14 of the Dungeon)
 27154 | D:14     | Found a sacrificial altar of Ru.
 27642 | D:15     | Entered Level 15 of the Dungeon
 27738 | Orc:1    | Entered Level 1 of the Orcish Mines
 28488 | Orc:2    | Entered Level 2 of the Orcish Mines
 28513 | Orc:2    | Found a burning altar of Makhleb.
 28543 | Orc:2    | Found a labyrinth entrance.
 28545 | Orc:2    | Found a staircase to the Elven Halls.
 28623 | Lab      | Entered a labyrinth
 28864 | Lab      | Identified Guavoh's Compendium of Talismans and Unholy Arts
 28903 | Lab      | Learned a level 3 spell: Regeneration
 28907 | Lab      | Learned a level 3 spell: Spectral Weapon
 28914 | Lab      | Learned a level 6 spell: Haste
 29250 | Orc:1    | Reached ****** piety under Qazlal
 29946 | Lair:8   | Reached skill level 10 in Invocations
 30544 | Lair:8   | Reached XP level 16. HP: 151/168 MP: 11/24
 31084 | Lair:8   | Reached skill level 17 in Fighting
 32355 | Orc:2    | Found Xetuol's Armour Boutique.
 32355 | Orc:2    | Found Huaqe's Antique Weapon Shoppe.
 32357 | Orc:2    | Found Mymeinla's Antique Armour Emporium.
 32359 | Orc:2    | Found Pufeihad's Distillery.
 32429 | Orc:2    | Reached skill level 1 in Unarmed Combat
 33006 | D:15     | Found a staircase to the Depths.
 33648 | Swamp:1  | Entered Level 1 of the Swamp
 33872 | Elf:1    | Entered Level 1 of the Elven Halls
 34016 | Elf:1    | Noticed Kirke
 34059 | Elf:1    | Reached skill level 5 in Unarmed Combat
 34170 | Elf:1    | Killed Kirke
 35028 | Elf:1    | Reached skill level 5 in Armour
 35047 | Elf:1    | Reached XP level 17. HP: 124/176 MP: 11/26
 35397 | Elf:1    | Noticed Roxanne
 36203 | Elf:2    | Found Vufubb Huih's Distillery.
 36243 | Elf:2    | Bought a potion of haste for 150 gold pieces
 36243 | Elf:2    | Bought a potion of haste for 150 gold pieces
 36243 | Elf:2    | Bought a potion of might for 60 gold pieces
 36243 | Elf:2    | Bought a potion of lignification for 45 gold pieces
 36365 | Elf:2    | Found a runed gate.
 36365 | Elf:2    | Found a runed gate.
 36365 | Elf:2    | Found a runed gate.
 36402 | Elf:2    | Noticed Norris
 36417 | Elf:2    | Killed Norris
 36515 | Elf:2    | Found Qesezex's General Store.
 36541 | Elf:2    | Bought a scroll of acquirement for 936 gold pieces
 36542 | Elf:2    | Got a jewelled demon trident
 36543 | Elf:2    | Identified the +7 demon trident of Unpleasantness {venom, rElec MP-9 Str+4} (You acquired it on level 2 of the Elven Halls)
 36705 | Elf:2    | Found Litiveco's Antique Armour Shop.
 36712 | Elf:2    | Found Vycarhiy's Distillery.
 36726 | Elf:2    | Bought a potion of heal wounds for 70 gold pieces
 36771 | Elf:2    | Found a radiant altar of Vehumet.
 38001 | Swamp:2  | Noticed Frances
 38201 | Swamp:2  | Killed Frances
 38208 | Swamp:2  | Noticed Louise
 38225 | Swamp:2  | Killed Louise
 39048 | Swamp:3  | Noticed a tentacled monstrosity
 39067 | Swamp:3  | Killed a tentacled monstrosity
 39303 | Swamp:3  | Reached XP level 18. HP: 187/187 MP: 19/28
 39938 | Swamp:4  | Entered Level 4 of the Swamp
 40288 | Swamp:3  | Reached skill level 18 in Fighting
 41933 | Swamp:4  | Got a decaying rune of Zot
 42578 | Temple   | Fell from the grace of Qazlal
 42578 | Temple   | Became a worshipper of Ashenzari the Shackled
 42782 | D:9      | Identified the +9 mace of Beogh's Esteem {elec, Str+2 Int+5}
 42842 | Vaults:1 | Entered Level 1 of the Vaults
 43048 | Vaults:1 | HP: 2/189 [air elemental[the adversity of Qazlal] (10)]
 43051 | Vaults:1 | Slain by an air elemental

Vault maps used:
D:1:      erik_arrival_cave_to_civilisation
D:2:      uniq_terence
D:3:      grunt_temple_overflow_order_and_chaos_1,
          grunt_temple_overflow_growth_and_decay, uniq_iyjb
D:4:      serial_shops, shop, columned_hall_lemuel
D:5:      black_bear_nest_1, minmay_temple_entry_poolview, serial_shops, shop,
          first_bread, uniq_prince_ribbit1, uniq_menkaure, uniq_grinder
D:6:      gammafunk_temple_overflow_elements, portal_sewer_entry_a,
          kennysheep_another_room, serial_bayou_pond_d, minivault_14
D:8:      grunt_dithmenos_smoke_and_mirrors
D:9:      serial_shops, nicolae_shop_temple_entry_statues_fountains
D:10:     hiddenorc1_lemuel, enter_trove_0, hangedman_pestilent_swarm,
          minmay_bad_closet, grunt_ministairs_13
D:11:     dpeg_oklobed_lair, uniq_erolcha, uniq_psyche
D:13:     serial_shops, nicolae_shop_stone, basic_altar
D:14:     minmay_wizard_corner, erik_vaults_1, nicolae_ru_awakened_eye
D:15:     grunt_enter_depths_giant_problem, minmay_statue_bubble
Temple:   circular_temple_13
Lair:2:   basic_altar
Lair:3:   kennysheep_rathole, dummy_spider_entry, lemuel_fruit_fields,
          grunt_megastairs_4
Lair:4:   swamp_mist
Lair:5:   enter_volcano_1
Lair:6:   minmay_slime_entry_jelly_boxes
Lair:8:   minmay_lair_end_enchanted_forest
Swamp:1:  serial_swamp_ruin, evilmike_swamp_ruin_rubble_1,
          evilmike_swamp_ruin_house_1
Swamp:2:  evilmike_swamp_ruin_house_4, uniq_frances, uniq_louise
Swamp:3:  cheibrodos_swamp_tower_of_moss, nicolae_swamp_very_dense_foliage
Swamp:4:  swamp_alternative
Orc:1:    nicolae_orc_pool_cavern, guppyfry_library_mini
Orc:2:    st_orc_rangers, lab_entry_generic, hangedman_feature_mirror,
          guppyfry_orc_lava_fort
Elf:1:    kennysheep_underground_church, grunt_megastairs_3, uniq_kirke,
          uniq_roxanne
Elf:2:    serial_shops, nicolae_shop_crystal, nicolae_shop_behind_doors, shop,
          nicolae_shop_stone, david_defended_altar_elf, uniq_nikola, uniq_norris
Vaults:1: v_misc_32, v_misc_11, v_misc_30, vaults_standard_mumra_x, v_rooms_6,
          ontoclasm_vaults_decontamination, st_lines, vaults_room_pools,
          nicolae_vaults_asterisk, serial_glass, serial_shops, shop
Lab:      labyrinth_hidden_loot, lab_statue
Trove:    trove_jewellery_lava

Action                   |  1- 3 |  4- 6 |  7- 9 | 10-12 | 13-15 | 16-18 || total
-------------------------+-------+-------+-------+-------+-------+-------++-------
Melee: Trident           |   138 |   223 |   196 |       |       |       ||   557
       Spear             |       |       |   383 |  1525 |  2312 |  1236 ||  5456
       Unarmed           |       |       |       |       |       |    88 ||    88
       Demon trident     |       |       |       |       |       |   776 ||   776
Invok: Upheaval          |       |       |       |       |     4 |     7 ||    11
 Abil: Spit Poison       |     2 |     2 |    10 |     5 |       |       ||    19
Evoke: Wand              |       |       |     2 |    11 |     3 |     1 ||    17
  Use: Potion            |       |     5 |     1 |     6 |     4 |     7 ||    23
       Scroll            |       |     3 |     6 |    22 |    12 |    15 ||    58
 Stab: Distracted        |       |       |       |     3 |       |       ||     3
       Confused          |       |       |       |     5 |       |       ||     5
  Eat: Bread ration      |     1 |       |     3 |     2 |     4 |       ||    10
       Chunk             |       |       |     5 |     7 |       |       ||    12
       Pizza             |       |       |     1 |       |       |       ||     1
       Meat ration       |       |       |       |     1 |     3 |     6 ||    10
       Fruit             |       |       |       |     7 |     3 |     6 ||    16
       Royal jelly       |       |       |       |       |       |     1 ||     1
